 Dungeon Crawl Stone Soup version 0.27-a0-531-gb72ec1a1b6 (webtiles) character file.

Game seed: 4201821935477392272

96 Leibowitz the Cutter (level 4, 0/40 HPs)
             Began as a Kobold Gladiator on Mar 5, 2021.
             Slain by a gnoll
             ... wielding a +0 spear
              (2 damage)
             ... on level 3 of the Dungeon.
             The game lasted 00:04:46 (1863 turns).

Leibowitz the Cutter (Kobold Gladiator)             Turns: 1863, Time: 00:04:47

Health: 0/40       AC: 22    Str: 11    XL:     4   Next: 98%
Magic:  4/4        EV:  3    Int:  9    God:
Gold:   111        SH:  0    Dex: 17    Spells: 3/3 levels left

rFire    . . .     SeeInvis .   a - +0 rapier
rCold    . . .     Faith    .   (shield restricted)
rNeg     + + +     Spirit   .   (armour currently unavailable)
rPois    +         Reflect  .   (helmet currently unavailable)
rElec    .         Harm     .   (cloak currently unavailable)
rCorr    .         Rampage  .   (gloves currently unavailable)
Will     .....     NoTele   +   (boots currently unavailable)
Stlth    ++........             (no amulet)
HPRegen  0.13/turn              (no ring)
MPRegen  0.09/turn              (no ring)

@: confused, tree-form
A: small, nightstalker 3
a: no special abilities


You were on level 3 of the Dungeon.
You were a tree.
You visited 1 branch of the dungeon, and saw 3 of its levels.

You collected 111 gold pieces.

Inventory:

Hand Weapons
 a - a +0 rapier (weapon)
Missiles
 d - 3 throwing nets (quivered)
 g - 8 atropa-tipped darts
Armour
 b - a +0 leather armour (melded)
 c - a +0 helmet (melded)
 j - a +0 pair of boots (melded)
Scrolls
 e - 3 scrolls of teleportation {unknown}
 f - 2 scrolls of identify {unknown}
 l - a scroll of immolation {unknown}
 n - a scroll of magic mapping {unknown}
 o - a scroll of fog {unknown}
Potions
 h - a potion of invisibility {unknown}
 i - a potion of might {unknown}
 k - a potion of magic
 m - a potion of lignification


   Skills:
 * Level 2.7 Fighting
 * Level 5.2 Short Blades
 - Level 2.1 Throwing
 * Level 0.7 Armour
 * Level 4.2 Dodging
 * Level 2.8 Stealth


You had 3 spell levels left.
You didn't know any spells.
Your spell library was empty.

Dungeon Overview and Level Annotations

Branches:
Dungeon (3/15)

Altars:


Innate Abilities, Weirdness & Mutations

You are small and have problems with some larger weapons.
You are completely attuned to the shadows.


Message History

The orc wizard is heavily wounded.
The gnoll hits you but does no damage. The orc wizard casts a spell at you.
You are confused.
The jackal bites you but does no damage.
A goblin comes into view.
You cannot move. (Use ctrl+direction or * direction to attack without moving.)
You cannot move. (Use ctrl+direction or * direction to attack without moving.)
You cannot move. (Use ctrl+direction or * direction to attack without moving.)
You cannot move. (Use ctrl+direction or * direction to attack without moving.)
You cannot move. (Use ctrl+direction or * direction to attack without moving.)
You cannot move. (Use ctrl+direction or * direction to attack without moving.)
You cannot move. (Use ctrl+direction or * direction to attack without moving.)
You cannot move. (Use ctrl+direction or * direction to attack without moving.)
You cannot move. (Use ctrl+direction or * direction to attack without moving.)
You cannot move. (Use ctrl+direction or * direction to attack without moving.)
You closely miss the jackal.
The jackal bites you but does no damage.
The gnoll hits you but does no damage.
The orc wizard hits you but does no damage.
There's something in the way.
There's something in the way.
There's something in the way.
There's something in the way.
There's something in the way.
You miss the orc wizard.
The orc wizard is heavily wounded.
The jackal bites you but does no damage.
The gnoll hits you but does no damage.
The orc wizard hits you but does no damage.
The jackal bites you but does no damage.
You miss the jackal. The gnoll barely misses you.
The orc wizard hits you but does no damage.
The jackal bites you but does no damage.
There's something in the way.
You closely miss the orc wizard.
The orc wizard is heavily wounded.
The jackal bites you but does no damage.
The gnoll hits you from afar with a +0 spear.
You die...

.. #...
g.##..###
.g.....<
.g#..)...
....:.##...#
.g####.##...#.
.hgh♣ol.......
.#####.##...##
#..........
##..##..###
#..##..#
#...<..#
#####....#
#.##.# #.# .#


You could see an orc wizard, 2 gnolls, a leopard gecko and 2 jackals.

Vanquished Creatures
  A gnoll (D:3)
  2 adders (D:2)
  An ooze (D:2)
  2 worms (D:2)
  A dart slug (D:2)
  4 leopard geckos
  An orc (D:3)
  8 bats
  4 giant cockroaches
  4 goblins (D:2)
  4 hobgoblins
  A jackal (D:3)
  4 kobolds (D:2)
  3 quokkas (D:2)
  A ball python (D:1)
  2 frilled lizards (D:1)
  7 rats
50 creatures vanquished.

Notes
Turn   | Place    | Note
-------+----------+-------------------------------------------
     0 | D:1      | Leibowitz the Kobold Gladiator began the quest for the Orb.
     0 | D:1      | Reached XP level 1. HP: 12/12 MP: 1/1
   238 | D:1      | Reached XP level 2. HP: 17/17 MP: 2/2
   552 | D:1      | Reached XP level 3. HP: 21/21 MP: 3/3
   571 | D:1      | Reached skill level 1 in Stealth
   874 | D:2      | Reached XP level 4. HP: 25/27 MP: 4/4
  1159 | D:2      | Reached skill level 5 in Short Blades
  1848 | D:3      | HP: 1/27 [orc/+0 war axe (1)]
  1863 | D:3      | Slain by a gnoll

Illustrated notes

Levels and vault maps discovered:
D:1:      dpeg_arrival_circle_labyrinth_a, layout_rooms
D:2:      minmay_skewed_foursquare, layout_loops_ring
D:3:      layout_basic, nzn_overflow_gifts_of_might_and_magic, vehumet_crystals,
          zin_academy, nicolae_overflow_hidden_temple,
          chequers_ecumenical_altar_island, chequers_serial_rivers_micro_d,
          minmay_cupped

Skill      XL: |  1  2  3  4 |
---------------+-------------+-----
Dodging        | 4 |  4.2
Stealth        | 2 |  2.8
Short Blades   | 5 |  5.2
Fighting       | |  2.7
Throwing       | |  2.1
Armour         | |  0.7

Action                   |  1- 3 |  4- 6 || total
-------------------------+-------+-------++-------
Melee: Rapier            |    50 |    69 ||   119
  Use: Potion            |       |     2 ||     2
 Stab: Sleeping          |    11 |     4 ||    15
Armor: Leather armour    |     3 |    20 ||    23
       Skin              |       |    32 ||    32
Dodge: Dodged            |    38 |    52 ||    90

Table legend: (Time is in decaauts)
 A = Elapsed time spent in this place.
 B = Non-inter-level travel time spent in this place.
 C = Inter-level travel time spent in this place.
 D = Time resting spent in this place.
 E = Time spent auto-exploring this place.
 F = Levels seen in this place.
 G = Mean time per level.
                   A        B        C        D        E       F      G
               +--------+--------+--------+--------+--------+-----+--------+
         Total |   1857 |   1819 |     38 |    154 |   1346 |   3 |  619.0 |
       Dungeon |   1857 |   1819 |     38 |    154 |   1346 |   3 |  619.0 |
               +--------+--------+--------+--------+--------+-----+--------+

Top non-repeatable levels by time:
     D:2: 1188 daAuts
     D:1: 628 daAuts
     D:3: 40 daAuts
